 Dungeon Crawl Stone Soup version 0.32-a0-391-gce5c0aab1b (webtiles) character file.

Game seed: 1425569186187570645

818 Zeldest the Slasher (level 7, -7/55 HPs)
             Began as a Coglin Gladiator on Feb 20, 2024.
             Splashed by a jelly's acid (9 damage)
             ... on level 6 of the Dungeon.
             The game lasted 00:04:47 (4870 turns).

Zeldest the Slasher (Coglin Gladiator)              Turns: 4870, Time: 00:04:48

Health: -7/55      AC:  0    Str: 14    XL:     7   Next: 94%
Magic:  7/7        EV:  8    Int:  7    God:
Gold:   195        SH:  0    Dex: 18    Spells: 6/6 levels left

rFire   . . .        a - +0 long sword {Urai}
rCold   . . .        w - +0 short sword {Carlos}
rNeg    . . .        p - +0 storm dragon scales
rPois   +            c - +0 helmet
rElec   +            (no cloak)
rCorr   .            (no gloves)
SInv    .            (no boots)
Will    .....        (no amulet) Stlth
                     g - ring of poison resistance
HPRegen 0.29/turn    (no ring)
MPRegen 0.10/turn

%: no passive effects
@: corroded, revving, stiff-legged, very slow
A: off-hand wielding, slow wielding, warmup strikes, warmup strides
a: no special abilities


You were on level 6 of the Dungeon.
You visited 1 branch of the dungeon, and saw 6 of its levels.
You also visited: Sewer.

You collected 195 gold pieces.

Inventory:

Hand Weapons
 a - a +0 long sword (weapon) {Urai}
 w - a +0 short sword (worn) {Carlos}
Missiles
 d - 6 throwing nets (quivered)
 e - a javelin
Armour
 c - a +0 helmet (worn)
 p - +0 storm dragon scales (worn)
Jewellery
 g - a ring of poison resistance (left grasper)
 u - a +5 ring of evasion
Scrolls
 b - a scroll of amnesia {unknown}
 f - 2 scrolls of vulnerability {unknown}
 i - 5 scrolls of identify {unknown}
 j - 3 scrolls of enchant weapon {unknown}
 l - 3 scrolls of poison {unknown}
 m - 2 scrolls of immolation {unknown}
 n - 4 scrolls of teleportation
 o - 2 scrolls of blinking {unknown}
 q - 2 scrolls of noise {unknown}
 y - a scroll of revelation {unknown}
 D - a scroll of acquirement {unknown}
 F - a scroll of fog {unknown}
Potions
 h - 3 potions of heal wounds
 k - 3 potions of curing {unknown}
 r - a potion of invisibility {unknown}
 s - a potion of lignification {unknown}
 t - a potion of mutation {unknown}
 v - a potion of enlightenment {unknown}
 x - a potion of haste {unknown}
 z - 4 potions of might {unknown}
 A - a potion of degeneration {unknown}
 B - a potion of resistance {unknown}
 C - a potion of magic {unknown}
 E - 2 potions of attraction {unknown}


   Skills:
 + Level 4.3 Fighting
 * Level 6.4 Long Blades
 - Level 1.7 Throwing
 + Level 2.5 Armour
 + Level 4.5 Dodging


You had 6 spell levels left.
You didn't know any spells.
Your spell library contained the following spells:

 Spells                   Type           Power      Damage    Failure   Level
 Fugue of the Fallen      Necr           0%         N/A       100%        3
 Hailstorm                Conj/Ice       0%         3d5       100%        3
 Ozocubu's Armour         Ice            0%         N/A       100%        3
 Summon Ice Beast         Ice/Summ       0%         N/A       100%        3
 Manifold Assault         Tloc           0%         N/A       100%        4
 Sculpt Simulacrum        Ice/Alch       0%         N/A       100%        6


Dungeon Overview and Level Annotations

Branches:
Dungeon (6/15) Zot: 26862   Sewer (visited)
 Temple: D:4-7

Altars:
Hepliaklqana
Vehumet
Zin

Annotations:
D:3 1 runed translucent door, Posi's ghost, amateur CoBr
D:4 3 runed translucent doors, cforsyth's ghost, amateur CoGl


Innate Abilities, Weirdness & Mutations

You can wield a second weapon in your off-hand.
It takes a long time for you to wield or remove held weapons.
Your first few attacks do less damage.
Your first movements take longer.


Message History

There is a stone staircase leading down here.
Found a cloak.
Key pressed, stopping explore.
No target in view!
Found an escape hatch in the ceiling.
No target in view!
You see here a +0 cloak.
You now have 182 gold pieces (gained 12).
Key pressed, stopping explore.
No target in view!
F - a scroll labelled MOCYEZ SIZ LUNAM No target in view!
You now have 195 gold pieces (gained 13).
A jelly comes into view.
You hit the jelly with your +0 short sword.
Your graspers burn!
The jelly is lightly wounded.
You hit the jelly with your +0 long sword.
Your graspers burn!
You hit the jelly but do no damage.
Your graspers burn!
The jelly is moderately wounded.
You hit the jelly with your +0 long sword.
Your graspers burn!
The jelly hits you. The acid corrodes you!
You are splashed with acid!
You are too injured to fight recklessly!
You hit the jelly with your +0 short sword.
Your graspers burn!
The jelly is heavily wounded.
You hit the jelly but do no damage. The acid corrodes you!
Your graspers burn!
The jelly hits you.
You are splashed with acid!
* * * LOW HITPOINT WARNING * * *
You hit the jelly but do no damage.
Your graspers burn!
* * * LOW HITPOINT WARNING * * *
The jelly is heavily wounded.
You hit the jelly but do no damage. The acid corrodes you!
Your graspers burn!
* * * LOW HITPOINT WARNING * * *
The jelly hits you.
* * * LOW HITPOINT WARNING * * *
You are splashed with acid!
You die...

##.###...#### #..........#
#...####....# #..........#
#.#.# ####.# #..........#
#.#.## ##.# #..........#
..#..#####..####..........#
#.###.##..............[....#
.. #..########.......<....#
..# ##...####...#..........#
## ###...@#####...........
####J................
..###############. ####.###
##. #.>.## ###..
#######..#######...#
###....###............
.......[.............
#....########.......


You could see a jelly.

Vanquished Creatures
  An orc warrior (D:5)
  An ogre (D:5)
  A kobold brigand (Sewer)
  3 bombardier beetles
  An orc priest (D:5)
  3 hounds (D:5)
  An iguana (D:5)
  Jessica (D:2)
  2 orc wizards (D:3)
  4 adders
  A river rat (Sewer)
  6 ribbon worms
  3 dart slugs
  9 orcs
  3 bats
  8 endoplasms
  2 giant cockroaches
  10 goblins
  5 hobgoblins
  10 jackals
  2 quokkas
  11 ball pythons
  A frilled lizard (D:3)
  8 kobolds
  9 rats
106 creatures vanquished.

Vanquished Creatures (others)
  An orc wizard (D:3)
1 creature vanquished.

Grand Total: 107 creatures vanquished

Notes
Turn   | Place    | Note
-------+----------+-------------------------------------------
     0 | D:1      | Zeldest the Coglin Gladiator began the quest for the Orb.
     0 | D:1      | Reached XP level 1. HP: 16/16 MP: 1/1
    31 | D:1      | Reached XP level 2. HP: 12/22 MP: 2/2
   231 | D:1      | Reached XP level 3. HP: 24/28 MP: 3/3
   605 | D:2      | Reached skill level 4 in Long Blades
   605 | D:2      | Reached XP level 4. HP: 21/34 MP: 4/4
   791 | D:2      | Noticed Jessica
   809 | D:2      | Killed Jessica
  1208 | D:2      | Reached XP level 5. HP: 24/41 MP: 5/5
  1671 | D:3      | Found a runed translucent door.
  1787 | D:3      | Noticed Posi's ghost (amateur CoBr)
  2200 | D:3      | Noticed an orc warrior
  2779 | D:4      | Reached skill level 1 in Armour
  2779 | D:4      | Reached XP level 6. HP: 47/47 MP: 6/6
  2858 | D:4      | Found a radiant altar of Vehumet.
  2862 | D:4      | Found a glowing silver altar of Zin.
  2871 | D:4      | Reached skill level 5 in Long Blades
  2958 | D:4      | Found a hazy altar of Hepliaklqana.
  3081 | D:4      | Found a runed translucent gate.
  3081 | D:4      | Found a runed translucent gate.
  3081 | D:4      | Found a runed translucent gate.
  3085 | D:4      | Noticed cforsyth's ghost (amateur CoGl)
  3596 | D:5      | Entered Level 5 of the Dungeon
  3681 | D:5      | Reached XP level 7. HP: 53/53 MP: 7/7
  3911 | D:5      | Reached skill level 6 in Long Blades
  3993 | D:5      | Found a glowing drain.
  4029 | Sewer    | Entered a sewer
  4870 | D:6      | HP: 2/55 [jelly (3)]
  4870 | D:6      | Splashed by a jelly's acid

Illustrated notes

Levels and vault maps discovered:
D:1:      amcnicky_arrival_blooded_trapdoor, layout_rooms
D:2:      layout_loops_ring, kennysheep_path_1, st_stairs_5, uniq_jessica
D:3:      layout_loops_corners, ebering_ghost_reflecting_pool,
          hangedman_abyss_or_decor_lesser_grid, amcnicky_mini_pool_small
D:4:      layout_loops_ring, minmay_overflow_temple_star_quad,
          gammafunk_ghost_necromancy
D:5:      corexii_shack_village, layout_gridville, cheibrodos_sewer_entry_bend
D:6:      minmay_general_purpose_star, layout_rooms

Skill      XL: |  1  2  3  4  5  6  7 |
---------------+----------------------+-----
Dodging        | 3 4 |  4.5
Long Blades    | 4 5 6 |  6.4
Fighting       | 3 4 |  4.3
Armour         | 1 2 |  2.5
Throwing       | |  1.7

Action                     |  1- 3 |  4- 6 |  7- 9 || total
---------------------------+-------+-------+-------++-------
  Melee: Long sword        |    77 |   198 |   101 ||   376
         Short sword       |       |    12 |    98 ||   110
  Throw: Throwing net      |       |     1 |     5 ||     6
    Use: Potion            |     1 |       |       ||     1
         Scroll            |       |     1 |       ||     1
   Stab: Sleeping          |       |     1 |       ||     1
         Held in net/web   |       |     1 |     1 ||     2
 Armour: Leather armour    |    57 |    36 |       ||    93
         Storm dragon scal |       |   125 |    69 ||   194
  Dodge: Dodged            |    54 |   104 |    26 ||   184

Table legend: (Time is in decaauts)
 A = Elapsed time spent in this place.
 B = Non-inter-level travel time spent in this place.
 C = Inter-level travel time spent in this place.
 D = Time resting spent in this place.
 E = Time spent auto-exploring this place.
 F = Levels seen in this place.
 G = Mean time per level.
                   A        B        C        D        E       F      G
               +--------+--------+--------+--------+--------+-----+--------+
         Total |   5163 |   4950 |    213 |    849 |   3070 |   7 |  737.6 |
       Dungeon |   4705 |   4492 |    213 |    712 |   2902 |   6 |  784.2 |
         Sewer |    458 |    458 |      0 |    137 |    168 |   1 |  458.0 |
               +--------+--------+--------+--------+--------+-----+--------+

Top non-repeatable levels by time:
     D:2: 1254 daAuts
     D:3: 1086 daAuts
     D:4: 854 daAuts
     D:5: 807 daAuts
     D:1: 565 daAuts
   Sewer: 458 daAuts
     D:6: 136 daAuts
